 Dungeon Crawl Stone Soup version 0.29-a0-360-g8ed1089bbe (webtiles) character file.

Game seed: 3612817643445419907

7245 dolemite99 the Destroyer (level 11, -5/61 HPs)
             Began as an Octopode Earth Elementalist on Apr 29, 2022.
             Was a Believer of Jiyva.
             Killed by vampiric draining
             ... invoked by a vampire
              (12 damage)
             ... on level 9 of the Dungeon.
             The game lasted 00:14:07 (9289 turns).

dolemite99 the Destroyer (OpEE)                     Turns: 9289, Time: 00:14:08

Health: -5/61      AC:  3    Str: 10    XL:     11   Next: 12%
Magic:  11/14      EV: 13    Int: 22    God:    Jiyva [**....]
Gold:   268        SH:  0    Dex: 16    Spells: 2/14 levels left

rFire   . . .      SeeInvis .   i - staff of poison
rCold   . . .      Faith    .   (no shield)
rNeg    . . .      Spirit   .   (helmet restricted)
rPois   +          Reflect  .   (no amulet)
rElec   .          Harm     .   (no ring)
rCorr   +          Rampage  .   (no ring)
Will    .....      Clarity  +   (no ring)
Stlth   +++.......              (no ring)
HPRegen 1.16/turn               (no ring)
MPRegen 0.44/turn               (no ring)
                                (no ring)
                                (no ring)

@: calling ooze
A: almost no armour, amphibious, 8 rings, camouflage 1, gelatinous body 1,
(nimble swimmer 1), tentacles, iridescent scales 1, agile 2, clarity, sense
surroundings 3, strong 1, pseudopods 2, evolution 1, engulf
a: Renounce Religion


You were on level 9 of the Dungeon.
You worshipped Jiyva.
Jiyva was pleased with you.
You visited 1 branch of the dungeon, and saw 9 of its levels.
You also visited: Ossuary.

You collected 268 gold pieces.

Inventory:

Hand Weapons
 c - a +0 dagger
 h - a +0 whip of electrocution
 r - a +5 dagger of freezing
Magical Staves
 i - a staff of poison (weapon)
Wands
 b - a wand of digging (2)
 g - a wand of flame (14)
 j - a wand of iceblast (5)
Scrolls
 l - a scroll of immolation
Potions
 a - a potion of mutation {unknown}
 d - 2 potions of heal wounds {unknown}
 e - 3 potions of curing
 f - 2 potions of degeneration
 k - a potion of invisibility {unknown}
 o - 2 potions of brilliance
 p - 2 potions of ambrosia
 q - a potion of haste {unknown}
 s - a potion of flight


   Skills:
 - Level 2.0 Dodging
 - Level 2.6 Stealth
 - Level 2.0 Spellcasting
 - Level 11.1 Conjurations
 + Level 8.8 Translocations
 - Level 1.0 Transmutations
 - Level 9.5 Earth Magic


You had 2 spell levels left.
You knew the following spells:

 Your Spells              Type           Power      Damage    Failure   Level
a - Stone Arrow           Conj/Erth      94%        3d12      1%          3
b - Sandblast             Erth           88%        2d18      1%          1
c - Iskenderun's Mystic   Conj/Tloc      46%        2d10      2%          4
d - Petrify               Tmut/Erth      25%        N/A       16%         4

Your spell library contained the following spells:

 Spells                   Type           Power      Damage    Failure   Level
 Passwall                 Tmut/Erth      20%        N/A       2%          2
 Dazzling Flash           Conj/Hex       52%        N/A       4%          3
 Starburst                Conj/Fire      13%        6d5       91%         6


Dungeon Overview and Level Annotations

Branches:
Dungeon (9/15)             Temple (0/1) D:6         Ossuary (visited)
   Lair: D:8-11         Orc: D:9-12

Altars:
Ashenzari
Cheibriados
Dithmenos
Elyvilon
Kikubaaqudgha
Okawaru
Ru
Sif Muna
Yredelemnul
The Shining One
Jiyva

Shops:
D:3 (

Annotations:
D:4 1 runed translucent door, spiderkeys's ghost, amateur DDAK


Innate Abilities, Weirdness & Mutations

You cannot wear most types of armour.
You are amphibious.
You can wear up to eight rings at the same time.
Your skin changes colour to match your surroundings (Stealth+).
Your rubbery body absorbs attacks. (AC +1, EV +1)
((You are camouflaged when in or above water. (Stealth+)))
You have tentacles for arms and can constrict up to eight enemies at once.
You are partially covered in iridescent scales. (AC +2)
You are very agile. (Dex +4)
You possess an exceptional clarity of mind.
You passively map a large area around you.
Your muscles are strong. (Str +2)
Armour fits poorly on your large pseudopods.
You have hidden genetic potential.
Your melee attacks may engulf your foes in ooze.


Message History

Press: ? - help, Dir - look around, f - activate Slime begins to ooze from the nearby walls!
Jiyva will no longer mutate your body.
You can no longer call acidic ooze from nearby walls.
The walls burn something!
Something hits you. Something bites you.
Something draws strength from your injuries!
The walls burn something!
Something hits you. Something bites you.
Something draws strength from your injuries!
The walls burn something!
Something hits you. Something bites you!
* * * LOW HITPOINT WARNING * * *
Something draws strength from your injuries!
The walls burn something!
Something hits you.
* * * LOW HITPOINT WARNING * * *
Something completely misses you.
A wight comes into view. It is wielding a +5 flail.
The walls burn something!
Something completely misses you. Something bites you.
* * * LOW HITPOINT WARNING * * *
Something draws strength from your injuries!
Jiyva says: Divide and consume!
The walls burn something!
The walls burn something!
The wall burns something!
The wall burns something!
You hear a distant slurping noise.
Something hits you.
* * * LOW HITPOINT WARNING * * *
Something bites you.
* * * LOW HITPOINT WARNING * * *
Something draws strength from your injuries!
You hear a distant slurping noise.
Okay, then.
Casting: Stone Arrow (safe; 1% risk of failure)
Confirm with . or Enter, or press ? or * to list all spells.
Aiming: Stone Arrow (safe; 1% risk of failure)
Press: ? - help, Shift-Dir - straight line, f - wight
Aim: a wight, wielding a +5 flail and wearing a +0 robe (76% to hit)
The stone arrow hits the wight!!
You destroy the wight!
Something draws life force from you!
You die...

###.# #..# #.# #..... #...######
#..# #.# #.....
#.......z######..# #.# #.....
#................# #.# #.....
#..#####.........# #.# #.####
#..# #.........# #.# #.# #..#
#.#####...# #†# #.# #.># #.#
#)..# #)# #.# #..# #.# #@..# #.#
#.#
###..#####.#####{..###.#####.#
.............................####
.................................
.......J........#########........
.#####...####...# #..#####. .#
#...# #...# #..# #. .# #...#
#)..#########..# #. <#
#...####..............# #.


There were no monsters in sight!

Vanquished Creatures
  A two-headed ogre (D:8)
  Pikel (D:7)
  Prince Ribbit (D:7)
  Grinder (D:3)
  A hornet (D:9)
  Sigmund (D:6)
  Eustachio (D:4)
  7 yaks
  Grum (D:9)
  2 steam dragons (D:8)
  An acid dragon (D:8)
  A water moccasin (D:8)
  An orc warrior (D:8)
  An ice beast (D:7)
  A sky beast (D:6)
  5 ogres
  3 wolves (D:9)
  2 centaurs
  A lemure (D:5)
  A phantom (D:5)
  3 bullfrogs
  An elf zombie (Ossuary)
  2 necrophages
  2 scorpions
  4 wights (D:9)
  17 killer bees
  2 howler monkeys
  A centaur zombie (Ossuary)
  A human zombie (Ossuary)
  3 orc priests
  3 orc wizards
  An iguana (D:7)
  A mummy (Ossuary)
  11 gnolls
  6 adders
  An adder zombie (Ossuary)
  2 worms
  A dart slug (D:3)
  26 orcs
  5 ball pythons
  5 bats
  An endoplasm (D:1)
  4 giant cockroaches
  6 goblins
  8 hobgoblins
  8 jackals
  5 quokkas
  5 frilled lizards
  6 hobgoblin zombies (Ossuary)
  A jackal zombie (Ossuary)
  7 kobolds
  8 kobold zombies (Ossuary)
  9 orc zombies (Ossuary)
  6 rats
  4 rat zombies (Ossuary)
210 creatures vanquished.

Vanquished Creatures (collateral kills)
  Maggie (D:6)
  3 yaks (D:6)
4 creatures vanquished.

Vanquished Creatures (others)
  Psyche (D:8)
  A kobold brigand (D:8)
  A bullfrog (D:7)
  3 killer bees
  19 jellies
  A hound (D:5)
  An iguana (D:6)
  3 orc wizards (D:6)
  An adder (D:3)
  A white imp (D:5)
  An endoplasm (D:2)
  10 orcs
  A goblin (D:4)
  3 jackals (D:3)
  A quokka (D:9)
  2 ball pythons (D:2)
  5 kobolds
  A kobold zombie (Ossuary)
  An orc zombie (Ossuary)
  A rat zombie (Ossuary)
  6 plants (D:2)
  17 withered plants
81 creatures vanquished.

Grand Total: 295 creatures vanquished

Notes
Turn   | Place    | Note
-------+----------+-------------------------------------------
     0 | D:1      | dolemite99 the Octopode Earth Elementalist began the quest
                  | for the Orb.
     0 | D:1      | Reached XP level 1. HP: 11/11 MP: 3/3
   171 | D:1      | Reached XP level 2. HP: 17/17 MP: 1/5
   226 | D:1      | Found a faded altar of an unknown god.
   407 | D:1      | Prayed at the altar of an unknown god.
   407 | D:1      | Became a worshipper of Jiyva Jaust the Shapeless
   407 | D:1      | Reached * piety under Jiyva
   541 | D:1      | Reached XP level 3. HP: 20/21 MP: 4/6
   860 | D:2      | Reached ** piety under Jiyva
   983 | D:2      | Found a broken altar of Ashenzari.
  1204 | D:2      | Reached XP level 4. HP: 27/27 MP: 5/7
  1537 | D:3      | Found Wowov's Antique Weapon Shop.
  1661 | D:3      | Reached skill level 5 in Earth Magic
  1684 | D:3      | Reached *** piety under Jiyva
  1885 | D:3      | Found a faded altar of an unknown god.
  2047 | D:3      | Learned a level 3 spell: Stone Arrow
  2078 | D:3      | Found a snail-covered altar of Cheibriados.
  2079 | D:3      | Noticed Grinder
  2088 | D:3      | Killed Grinder
  2089 | D:3      | Reached skill level 4 in Conjurations
  2089 | D:3      | Reached XP level 5. HP: 8/31 MP: 3/8
  2089 | D:3      | Reached XP level 6. HP: 9/36 MP: 3/9
  2475 | D:4      | Found a sand-covered staircase.
  2479 | Ossuary  | Entered an ossuary
  2955 | Ossuary  | Gained mutation: You passively map a small area around you.
                  | [Jiyva's grace]
  2955 | Ossuary  | Gained mutation: You passively map the area around you.
                  | [Jiyva's grace]
  2955 | Ossuary  | Gained mutation: You passively map a large area around you.
                  | [Jiyva's grace]
  2955 | Ossuary  | Gained mutation: You are partially covered in iridescent
                  | scales. (AC +2) [Jiyva's grace]
  3169 | Ossuary  | Reached skill level 5 in Conjurations
  3169 | Ossuary  | Reached XP level 7. HP: 41/41 MP: 1/10
  3365 | D:4      | Reached **** piety under Jiyva
  3371 | D:4      | Found a sacrificial altar of Ru.
  3487 | D:4      | Reached skill level 6 in Conjurations
  3609 | D:4      | Found a runed translucent door.
  3609 | D:4      | Noticed spiderkeys's ghost (amateur DDAK)
  3793 | D:4      | Found a basalt altar of Yredelemnul.
  3827 | D:4      | Noticed Eustachio
  3841 | D:4      | Killed Eustachio
  3842 | D:4      | Reached XP level 8. HP: 46/46 MP: 5/11
  4383 | D:5      | Entered Level 5 of the Dungeon
  4429 | D:5      | Reached ***** piety under Jiyva
  4441 | D:5      | Reached skill level 7 in Conjurations
  4693 | D:5      | Gained mutation: Armour fits poorly on your pseudopods.
                  | [Jiyva's grace]
  4693 | D:5      | Gained mutation: Armour fits poorly on your large
                  | pseudopods. [Jiyva's grace]
  4693 | D:5      | Gained mutation: Armour fits poorly on your massive
                  | pseudopods. [Jiyva's grace]
  4693 | D:5      | Gained mutation: Your melee attacks may engulf your foes in
                  | ooze. [Jiyva's grace]
  5390 | D:6      | Noticed a yak
  5391 | D:6      | Noticed a yak
  5529 | D:6      | Found a staircase to the Ecumenical Temple.
  5675 | D:6      | Noticed Maggie
  5683 | D:6      | Killed Maggie
  5684 | D:6      | Reached skill level 8 in Conjurations
  5684 | D:6      | Reached XP level 9. HP: 30/51 MP: 5/12
  5836 | D:6      | Found an iron altar of Okawaru.
  6011 | D:6      | Noticed Sigmund
  6022 | D:6      | Killed Sigmund
  6227 | D:6      | Reached skill level 9 in Conjurations
  6292 | D:6      | Found a shimmering blue altar of Sif Muna.
  6777 | D:7      | Noticed Pikel
  6944 | D:5      | Learned a level 3 spell: Stone Arrow
  6949 | D:5      | Learned a level 4 spell: Iskenderun's Mystic Blast
  6954 | D:5      | Learned a level 4 spell: Petrify
  6965 | D:7      | Killed Pikel
  6966 | D:7      | Reached skill level 10 in Conjurations
  6966 | D:7      | Reached XP level 10. HP: 29/56 MP: 5/13
  7142 | D:7      | Noticed Prince Ribbit
  7151 | D:7      | Killed Prince Ribbit
  7263 | D:7      | Reached skill level 11 in Conjurations
  7396 | D:7      | Found a glowing golden altar of the Shining One.
  7639 | D:8      | Lost mutation: Armour fits poorly on your massive
                  | pseudopods. [Jiyva's grace]
  7639 | D:8      | Gained mutation: You are agile. (Dex +2) [Jiyva's grace]
  7639 | D:8      | Gained mutation: You are very agile. (Dex +4) [Jiyva's
                  | grace]
  7639 | D:8      | Gained mutation: You possess an exceptional clarity of
                  | mind. [Jiyva's grace]
  7639 | D:8      | Gained mutation: You have hidden genetic potential.
                  | [Jiyva's grace]
  7681 | D:8      | Noticed a two-headed ogre
  7687 | D:8      | Killed a two-headed ogre
  7903 | D:8      | Found an ancient bone altar of Kikubaaqudgha.
  8008 | D:8      | Noticed Psyche
  8079 | D:8      | Reached skill level 5 in Translocations
  8111 | D:8      | Killed Psyche
  8356 | D:8      | Found a shadowy altar of Dithmenos.
  8642 | D:9      | Noticed Grum
  8660 | D:9      | Killed Grum
  8661 | D:9      | Reached XP level 11. HP: 48/61 MP: 6/14
  8809 | D:9      | Gained mutation: Your muscles are strong. (Str +2) [hidden
                  | potential]
  8995 | D:9      | Found a white marble altar of Elyvilon.
  9289 | D:9      | Killed from afar by a vampire

Illustrated notes

Levels and vault maps discovered:
D:1:      lightli_arrival_windingriver, layout_basic,
          ebering_ecumenical_altar_ruins
D:2:      cheibrodos_old_hovel, layout_basic, serial_curves, eino_curves_04,
          eino_curves_03, eino_curves_01, basic_altar, minivault_24,
          interstate_on_off
D:3:      layout_loops_cross, nicolae_overflow_ecumenical_swirl,
          mainiacjoe_overflow_cross_hatched, serial_shops, nicolae_square_shop,
          uniq_grinder
D:4:      layout_basic, amcnicky_altar_gilded, marbit_many_paths,
          nicolae_ossuary_entry_plus, gammafunk_ghost_grave, uniq_eustachio
D:5:      layout_loops_corners, hangedman_decor_diamond_cutter
D:6:      layout_gridville, kennysheep_okawaru_gauntlet,
          lemuel_coloured_pillars_altar, minmay_temple_entry_trees,
          uniq_sigmund, uniq_maggie
D:7:      layout_loops_cross, mainiacjoe_overflow_tiny_flanked,
          uniq_prince_ribbit1, uniq_pikel
D:8:      layout_loops_cross, kiku_gazebo_garden_becter, old_standard_altar,
          kennysheep_generic_room_9, uniq_psyche
D:9:      layout_small_grid, elyvilon_altar_4, uniq_grum

Skill      XL: |  1  2  3  4  5  6  7  8  9 10 11 |
---------------+----------------------------------+-----
Earth Magic    | 4 5 6 8 9 |  9.5
Conjurations   | 4 5 6 8 10 11 | 11.1
Translocations | 7 8 |  8.8
Dodging        | |  2.0
Stealth        | |  2.6
Spellcasting   | |  2.0
Transmutations | |  1.0

Action                   |  1- 3 |  4- 6 |  7- 9 | 10-12 || total
-------------------------+-------+-------+-------+-------++-------
Melee: Dagger            |     5 |    13 |    41 |     1 ||    60
       Constrict         |     1 |     6 |    16 |     4 ||    27
       Tentacles         |     1 |     4 |    14 |       ||    19
       Pseudopods        |       |       |     7 |     2 ||     9
       Staff             |       |       |       |     8 ||     8
 Cast: Sandblast         |    50 |    27 |       |    15 ||    92
       Stone Arrow       |       |    41 |    91 |    45 ||   177
       Iskenderun's Myst |       |       |       |     1 ||     1
Invok: Oozemancy         |       |       |     3 |    10 ||    13
Evoke: Wand              |       |       |     1 |     1 ||     2
  Use: Potion            |       |     1 |       |     1 ||     2
       Scroll            |       |       |    15 |     1 ||    16
 Stab: Sleeping          |       |     2 |       |       ||     2
Armor: Skin              |     2 |    17 |    12 |    15 ||    46
Dodge: Dodged            |    14 |    54 |    72 |    63 ||   203

Table legend: (Time is in decaauts)
 A = Elapsed time spent in this place.
 B = Non-inter-level travel time spent in this place.
 C = Inter-level travel time spent in this place.
 D = Time resting spent in this place.
 E = Time spent auto-exploring this place.
 F = Levels seen in this place.
 G = Mean time per level.
                   A        B        C        D        E       F      G
               +--------+--------+--------+--------+--------+-----+--------+
         Total |   9291 |   9107 |    184 |   2066 |   5107 |  10 |  929.1 |
       Dungeon |   8451 |   8267 |    184 |   1738 |   4968 |   9 |  939.0 |
       Ossuary |    840 |    840 |      0 |    328 |    139 |   1 |  840.0 |
               +--------+--------+--------+--------+--------+-----+--------+

Top non-repeatable levels by time:
     D:6: 1250 daAuts
     D:5: 1104 daAuts
     D:4: 1075 daAuts
     D:3: 929 daAuts
     D:8: 905 daAuts
     D:7: 890 daAuts
 Ossuary: 840 daAuts
     D:1: 781 daAuts
     D:9: 759 daAuts
     D:2: 754 daAuts
